AoeStats
← ollie1001

Runestones

507104740Analyzed
1v1 RM · 14d ago on Sep 16, 2026· 57m 3s· 2 players
Game mode
Random Map
Map size
Tiny (2 player)
Population
200
Speed
Normal
Resources
Standard
Victory
Conquest
Starting age
Dark Age
Ending age
Imperial Age
RankedLock teamsTeams togetherTeam positionsShared explorationLock speedFull tech treeHidden civsTurbo modeCheats
Victory
Defeat
🇱🇹 Huns · Lithuania
720
+16
🇬🇧 Malay · United Kingdom
723
-16
TazerFace
11:08 Feudal Age
13:16 Scale Mail Armor
13:10 Double-Bit Axe
13:26 Horse Collar
15:27 Scale Barding Armor
16:36 Forging
17:19 Bloodlines
20:24 Loom
26:01 Castle Age
26:55 Husbandry
27:25 Chain Barding Armor
27:41 Iron Casting
29:27 Elite Skirmisher
30:42 Heavy Plow
31:21 Wheelbarrow
32:17 Bow Saw
33:36 Thumb Ring
34:17 Fletching
34:29 Padded Archer Armor
38:46 Imperial Age
36:45 Bodkin Arrow
40:42 Plate Barding Armor
39:45 Cavalier
41:19 Hand Cart
41:49 Town Watch
43:48 Blast Furnace
44:20 Ballistics
44:20 Gold Mining
44:48 Bracer
46:02 Gold Shaft Mining
47:50 Leather Archer Armor
49:56 Chemistry
50:14 Squires
50:02 Paladin
ollie1001
2:29 Loom
10:56 Feudal Age
10:57 Town Watch
12:42 Double-Bit Axe
12:43 Horse Collar
19:17 Wheelbarrow
22:47 Castle Age
22:27 Heavy Plow
22:44 Hand Cart
22:28 Pikeman
26:16 Bow Saw
26:50 Crossbowman
28:13 Gold Mining
29:52 Town Patrol
30:43 Stone Mining
30:55 Padded Archer Armor
30:46 Fletching
36:59 Imperial Age
37:19 Murder Holes
38:24 Chemistry
37:03 Arbalester
37:17 Halberdier
38:42 Leather Archer Armor
39:23 Conscription
42:44 Thalassocracy
42:54 Treadmill Crane
43:35 Ballistics
45:10 Crop Rotation
44:35 Elite Skirmisher
45:30 Masonry
49:28 Forced Levy
49:37 Thumb Ring
54:50 Ring Archer Armor
Connection lost

Rejoining the realm…

Still unreachable

The connection could not be restored.

Session expired

The server has moved on; the page needs a fresh start.